 Dungeon Sprint DCSS version 0.26-a0-1164-g1a551d6a14 (webtiles) character file.

Game seed: 15433139195768207950

983 reriks the Grappler (level 7, 0/130 HPs)
             Began as a Troll Berserker on Dec 23, 2020.
             Was a Priest of Trog.
             Slain by a sixfirhy (12 damage)
             ... summoned by a kobold demonologist
             ... in the Dungeon (Sprint I: "Red Sonja").
             The game lasted 00:01:10 (781 turns).

reriks the Grappler (Troll Berserker)                Turns: 781, Time: 00:01:11

Health: 0/130      AC:  6    Str: 28    XL:     7   Next: 96%
Magic:  6/6        EV: 10    Int:  3    God:    Trog [***...]
Gold:   418        SH:  0    Dex:  9    Spells: 6/6 levels left

rFire    . . .     SeeInvis .     - Unarmed
rCold    . . .     Faith    .   (no shield)
rNeg     . . .     Spirit   .   a - +0 animal skin
rPois    .         Reflect  .   (helmet restricted)
rElec    .         Harm     .   (no cloak)
rCorr    .         Rampage  .   (gloves unavailable)
Will     .....     NoTele   +   (boots unavailable)
Stlth    ..........             (no amulet)
HPRegen  0.71/turn              (no ring)
MPRegen  0.10/turn              (no ring)

@: berserking (expiring), very quick
A: large, unfitting armour, claws 3, regeneration 1, shaggy fur 1, tough skin 3
a: Renounce Religion, Berserk, Trog's Hand


You were in the Dungeon.
You worshipped Trog.
Trog was most pleased with you.
You visited 1 branch You collected 418 gold pieces.

Inventory:

Armour
 a - a +0 animal skin (worn)
Scrolls
 g - a scroll of blinking
Potions
 b - a potion of curing
 c - a potion of heal wounds
 d - a potion of haste
 e - 2 potions of magic
 f - a potion of berserk rage


   Skills:
 + Level 10.6 Fighting
 - Level 2.4 Dodging
 + Level 12.4 Unarmed Combat


You had 6 spell levels left.
You didn't know any spells.
Your spell library was empty.

Dungeon Overview and Level Annotations

Branches:
Dungeon (1/1)

Altars:
Cheibriados
Dithmenos
Elyvilon
Fedhas
Gozag
Hepliaklqana
Kikubaaqudgha
Makhleb
Nemelex Xobeh
Okawaru
Qazlal
Ru
Sif Muna
Trog
Uskayaw
Vehumet
Wu Jian
Xom
Yredelemnul
Zin
The Shining One
Jiyva
Lugonu

Shops:
D !


Innate Abilities, Weirdness & Mutations

You are too large for most types of armour.
You have claws for hands.
Your natural rate of healing is unusually fast.
You are covered in fur. (AC +1)
You have extremely tough skin. (AC +3)


Message History

You claw the kobold demonologist!
You kill the kobold demonologist!
Trog accepts your kill.
Trog appreciates your killing of a magic user.
The soul eater disappears in a puff of smoke!
The sixfirhy hits you. The sixfirhy shocks you!
The kobold demonologist mumbles some strange words.
The sixfirhy hits you. The sixfirhy shocks you!
Your Unarmed Combat skill increases to level 12!
You eviscerate the chaos spawn!!!
You kill the chaos spawn!
The chaos spawn degenerates into a cloud of primal chaos!
The sixfirhy hits you!
* * * LOW HITPOINT WARNING * * *
The sixfirhy shocks you!
* * * LOW HITPOINT WARNING * * *
The sixfirhy hits you!
* * * LOW HITPOINT WARNING * * *
The sixfirhy shocks you!
You die...

####################
)..#..'..#__#..'§3K#
#..').#..'..'..#@§.#
##'#####'#__####...+
#..#...#[#### #####
####..##.#
___##'#_.+
∩...†..._#
.__##_.#'#
___###+#[# #### ###


You could see a kobold demonologist and a sixfirhy (summoned).

Vanquished Creatures
  A kobold demonologist (D)
  A slime creature (D)
  A yak (D)
  Sigmund (D)
  A floating eye (D)
  An ogre (D)
  A jelly (D)
  Ijyb (D)
8 creatures vanquished.

Notes
Turn   | Place    | Note
-------+----------+-------------------------------------------
     0 | D        | reriks the Troll Berserker began the quest for the Orb.
     0 | D        | Reached XP level 1. HP: 22/22 MP: 0/0
     2 | D        | Noticed Ijyb
    16 | D        | Killed Ijyb
    17 | D        | Reached skill level 5 in Unarmed Combat
    17 | D        | Reached XP level 2. HP: 32/32 MP: 1/1
   148 | D        | Noticed an ogre
   152 | D        | Killed an ogre
   153 | D        | Reached skill level 7 in Unarmed Combat
   153 | D        | Reached XP level 3. HP: 44/44 MP: 2/2
   153 | D        | Reached XP level 4. HP: 52/52 MP: 3/3
   209 | D        | Noticed Sigmund
   212 | D        | Killed Sigmund
   212 | D        | Reached ** piety under Trog
   213 | D        | Reached skill level 9 in Unarmed Combat
   213 | D        | Reached XP level 5. HP: 63/63 MP: 4/4
   431 | D        | Found an ornate altar of the Wu Jian Council.
   431 | D        | Found a shimmering blue altar of Sif Muna.
   433 | D        | Found a radiant altar of Vehumet.
   439 | D        | Reached XP level 6. HP: 72/72 MP: 5/5
   483 | D        | Found Vorghia's Distillery.
   483 | D        | Found an ancient bone altar of Kikubaaqudgha.
   483 | D        | Found a hazy altar of Hepliaklqana.
   483 | D        | Found a stormy altar of Qazlal.
   483 | D        | Found a hide-covered altar of Uskayaw.
   483 | D        | Found a blossoming altar of Fedhas.
   483 | D        | Found a bloodstained altar of Trog.
   483 | D        | Found an iron altar of Okawaru.
   483 | D        | Found a basalt altar of Yredelemnul.
   483 | D        | Found a glowing golden altar of the Shining One.
   483 | D        | Found a snail-covered altar of Cheibriados.
   483 | D        | Found a sacrificial altar of Ru.
   483 | D        | Found a glowing silver altar of Zin.
   483 | D        | Found a shadowy altar of Dithmenos.
   483 | D        | Found a white marble altar of Elyvilon.
   483 | D        | Noticed a yak
   486 | D        | Killed a yak
   487 | D        | Reached skill level 10 in Unarmed Combat
   487 | D        | Found an opulent altar of Gozag.
   589 | D        | Found a sparkling altar of Nemelex Xobeh.
   605 | D        | Found a burning altar of Makhleb.
   605 | D        | Found a viscous altar of Jiyva.
   605 | D        | Found a shimmering altar of Xom.
   605 | D        | Found a corrupted altar of Lugonu.
   605 | D        | Noticed a slime creature
   609 | D        | Killed a slime creature
   609 | D        | Reached *** piety under Trog
   610 | D        | Reached skill level 11 in Unarmed Combat
   610 | D        | Reached XP level 7. HP: 84/84 MP: 6/6
   774 | D        | Noticed a kobold demonologist
   775 | D        | Noticed a sixfirhy
   775 | D        | Noticed a kobold demonologist
   777 | D        | Reached skill level 10 in Fighting
   777 | D        | Noticed a soul eater
   780 | D        | Killed a kobold demonologist
   781 | D        | Reached skill level 12 in Unarmed Combat
   781 | D        | Noticed a chaos spawn
   781 | D        | Slain by a sixfirhy

Illustrated notes

Levels and vault maps discovered:
D:        dungeon_sprint_1 [red_sonja_temple_1, red_sonja_temple_small_1]

Skill      XL: |  1  2  3  4  5  6  7 |
---------------+----------------------+-----
Fighting       | 4 6 7 8 9 10 | 10.6
Unarmed Combat | 5 7 9 11 12 | 12.4
Dodging        | |  2.4

Action                   |  1- 3 |  4- 6 |  7- 9 || total
-------------------------+-------+-------+-------++-------
Melee: Unarmed           |    16 |     8 |     4 ||    28
       Punch             |       |     2 |       ||     2
Invok: Berserk           |     2 |     4 |     1 ||     7
Armor: Animal skin       |       |     1 |       ||     1
Dodge: Dodged            |     4 |     1 |     1 ||     6

Table legend: (Time is in decaauts)
 A = Elapsed time spent in this place.
 B = Non-inter-level travel time spent in this place.
 C = Inter-level travel time spent in this place.
 D = Time resting spent in this place.
 E = Time spent auto-exploring this place.
 F = Levels seen in this place.
 G = Mean time per level.
                   A        B        C        D        E       F      G
               +--------+--------+--------+--------+--------+-----+--------+
         Total |    831 |    831 |      0 |    709 |      0 |   1 |  831.0 |
       Dungeon |    831 |    831 |      0 |    709 |      0 |   1 |  831.0 |
               +--------+--------+--------+--------+--------+-----+--------+

Top non-repeatable levels by time:
       D: 831 daAuts
